 Dungeon Crawl Stone Soup version 0.25-a0-443-gece2dee8bd (webtiles) character file.

Game seed: 16734458036626913038, levelgen mode: deterministic

517555 Lugonue the Warrior (level 23, 0/198 HPs)
             Began as a Demonspawn Gladiator on Jan 28, 2020.
             Was the Champion of Yredelemnul.
             Killed from afar by an orb of fire (38 damage)
             ... with a bolt of fire
             ... on level 5 of the Realm of Zot on Jan 30, 2020.
             The game lasted 04:03:34 (35607 turns).

Lugonue the Warrior (Demonspawn Gladiator)         Turns: 35607, Time: 04:03:35

Health: 0/198      AC: 22    Str: 29    XL:     23   Next: 71%
Magic:  0/41       EV: 29    Int: 12    God:    Yredelemnul [******]
Gold:   5279       SH: 18    Dex: 28    Spells: 17/34 levels left

rFire    + . .     SeeInvis .   X - +9 falchion of the Seer {vamp, rElec rPois Str+9 Stlth-}
rCold    + + +     Gourm    .   K - +2 shield of Resistance {rF+ rC+ MR+}
rNeg     + + .     Faith    .   U - quicksilver dragon scales
rPois    +         Spirit   +   M - +2 hat {MR+}
rElec    +         Reflect  .   z - +1 cloak of Mysticism {Dex+4}
rCorr    .         Harm     .   h - +2 pair of gloves of the Moon Troll {*Slow +Fly rElec Dex+3}
MR       +++++     Rnd*Rage +   (boots unavailable)
Stlth    ++++++....             V - macabre finger necklace {rN+}
HPRegen  0.43/turn              v - ring of Simumuet {+Fly rC++ MP+9}
MPRegen  0.54/turn              W - ring of Puethule {rPois Stlth+}
                                Z - ring "Byggoycw" {+Fly rElec MR+ Str+2}

@: about to teleport
A: talons 3, thin skeletal structure 3, berserk 1, dopey 1, negative energy
resistance 1, screaming 1, spiny 2, 50% torment resistance, weak 1, magic
shield, magic regeneration, magic link, subdued magic 1
}: 4/15 runes: serpentine, barnacled, slimy, silver
a: Recall Undead Slaves, Injury Mirror, Animate Dead, Drain Life, Enslave Soul,
Renounce Religion, Evoke Flight


You were on level 5 of the Realm of Zot.
You worshipped Yredelemnul.
Yredelemnul was exalted by your worship.
You were not hungry.

You visited 11 branches of the dungeon, and saw 55 of its levels.
You also visited: Bailey.

You collected 6499 gold pieces.
You spent 1220 gold pieces at shops.

Inventory:

Hand Weapons
 a - a +6 great sword of distortion
 T - a +2 demon blade of flaming
 X - the +9 falchion of the Seer (weapon) {vamp, rElec rPois Str+9 Stlth-}
   (You found it on level 5 of the Vaults)

   It inflicts no extra harm, but heals its wielder when it wounds a living foe.
   It affects your strength (+9).
   It insulates you from electricity.
   It protects you from poison.
   It makes you less stealthy.
Missiles
 d - 16 throwing nets (quivered)
Armour
 h - the +2 pair of gloves of the Moon Troll (worn) {*Slow +Fly rElec Dex+3}
   (You found it on level 5 of the Pits of Slime)

   It affects your dexterity (+3).
   It insulates you from electricity.
   It lets you fly.
   It may slow you when you take damage.
   If you remove this armour, your AC will fall 3 points (22 -> 19)
 z - the +1 cloak of Mysticism (worn) {Dex+4}
   (You found it on level 5 of the Pits of Slime)

   It affects your dexterity (+4).
   If you remove this armour, your AC will fall 2 points (22 -> 20)
 K - the +2 shield of Resistance (worn) {rF+ rC+ MR+}
   (You took it off Donald on level 1 of the Elven Halls)

   It protects you from fire.
   It protects you from cold.
   It affects your resistance to hostile enchantments.
   If you remove this armour, your AC will rise 0 points (22 -> 22)
 M - a +2 hat of magic resistance (worn)
 U - quicksilver dragon scales (worn)
Jewellery
 c - an uncursed ring of see invisible
 i - a +3 ring of protection
 r - an uncursed amulet of magic regeneration
 v - the ring of Simumuet (left hand) {+Fly rC++ MP+9}
   (You found it on level 5 of the Pits of Slime)

   [ring of flight]

   It greatly protects you from cold.
   It affects your magic capacity (+9).
   It lets you fly.
 w - a +3 ring of evasion
 J - an uncursed ring of resist corrosion
 S - a +2 ring of slaying
 V - the macabre finger necklace (around neck) {rN+}
   (You found it on level 15 of the Dungeon)

   [amulet of nothing]

   It protects you from negative energy.
 W - the ring of Puethule (right hand) {rPois Stlth+}
   (You found it on level 15 of the Dungeon)

   [ring of poison resistance]

   It protects you from poison.
   It makes you more stealthy.
 Z - the ring "Byggoycw" (on amulet) {+Fly rElec MR+ Str+2}
   (You found it on level 15 of the Dungeon)

   [ring of flight]

   It affects your strength (+2).
   It insulates you from electricity.
   It affects your resistance to hostile enchantments.
   It lets you fly.
Wands
 s - a wand of acid (20)
 x - a wand of iceblast (7)
 y - a wand of digging (12)
 A - a wand of enslavement (7)
Scrolls
 g - 9 scrolls of teleportation
 o - 5 scrolls of blinking
 q - 7 scrolls of fear
 t - 5 scrolls of identify
 u - 13 scrolls of immolation
 D - 9 scrolls of remove curse
 I - a scroll of magic mapping
 O - 6 scrolls of fog
 Y - a scroll of enchant armour
Potions
 e - 6 potions of curing
 j - 2 potions of flight
 k - 4 potions of haste
 l - 8 potions of mutation
 m - 3 potions of resistance
 n - 6 potions of brilliance
 B - 4 potions of might
 E - 3 potions of berserk rage
 L - a potion of invisibility
 N - a potion of ambrosia {unknown}
 P - 3 potions of heal wounds
 Q - 2 potions of magic
 R - 7 potions of agility
Miscellaneous
 b - the horn of Geryon
 C - 3 phantom mirrors
 F - a lamp of fire
 G - a phial of floods
Comestibles
 f - 43 rations


   Skills:
 - Level 20.5 Fighting
 - Level 19.4 Long Blades
 - Level 1.9 Throwing
 - Level 13.6 Armour
 - Level 16.3 Dodging
 - Level 8.7 Stealth
 - Level 15.0 Shields
 + Level 6.0 Spellcasting
 + Level 4.2 Translocations
 - Level 0.2 Transmutations
 - Level 0.1 Earth Magic
 - Level 10.1 Invocations
 - Level 3.3 Evocations


You had 17 spell levels left.
You knew the following spells:

 Your Spells              Type           Power        Failure   Level  Hunger
a - Passwall              Tmut/Erth      #.......     28%         2    ##.....
b - Pain                  Necr           #...         19%         1    None
c - Stone Arrow           Conj/Erth      #.....       52%         3    ###....
d - Apportation           Tloc           ##....       3%          1    None
e - Controlled Blink      Tloc           N/A          100%        8    #######
f - Blink                 Tloc           N/A          4%          2    ##.....

Your spell library contained the following spells:

 Spells                   Type           Power        Failure   Level  Hunger
 Gell's Gravitas          Tloc           ##........   10%         3    ###....
 Lesser Beckoning         Tloc           ##........   10%         3    ###....
 Shroud of Golubria       Chrm/Tloc      #.....       12%         2    ##.....
 Animate Skeleton         Necr           N/A          19%         1    None
 Corona                   Hex            #......      19%         1    None
 Infusion                 Chrm           #...         19%         1    None
 Magic Dart               Conj           #...         19%         1    None
 Sandblast                Erth           #.....       19%         1    None
 Shock                    Conj/Air       #...         19%         1    None
 Sting                    Tmut/Pois      #...         19%         1    None
 Summon Butterflies       Summ           #.......     19%         1    None
 Summon Small Mammal      Summ           #...         19%         1    None
 Portal Projectile        Hex/Tloc       #.....       24%         3    ###....
 Recall                   Summ/Tloc      N/A          24%         3    ###....
 Call Imp                 Summ           #.......     30%         2    ##.....
 Corpse Rot               Necr/Air       N/A          30%         2    ##.....
 Poisonous Vapours        Pois/Air       #.....       30%         2    ##.....
 Searing Ray              Conj           #.....       30%         2    ##.....
 Slow                     Hex            #.......     30%         2    ##.....
 Song of Slaying          Chrm           #.......     30%         2    ##.....
 Sublimation of Blood     Necr           #.........   30%         2    ##.....
 Swiftness                Chrm/Air       #.......     30%         2    ##.....
 Passage of Golubria      Tloc           N/A          32%         4    ####...
 Ignite Poison            Fire/Tmut/Pois #.......     50%         3    ###....
 Call Canine Familiar     Summ           #.......     52%         3    ###....
 Conjure Flame            Conj/Fire      #.......     52%         3    ###....
 Dazzling Flash           Conj/Hex       #.....       52%         3    ###....
 Inner Flame              Hex/Fire       #.......     52%         3    ###....
 Mephitic Cloud           Conj/Pois/Air  #.......     52%         3    ###....
 Ozocubu's Armour         Chrm/Ice       #.......     52%         3    ###....
 Spectral Weapon          Hex/Chrm       #.......     52%         3    ###....
 Static Discharge         Conj/Air       #.......     52%         3    ###....
 Summon Guardian Golem    Hex/Summ       #.......     52%         3    ###....
 Tukima's Dance           Hex            #.......     52%         3    ###....
 Vampiric Draining        Necr           #.........   52%         3    ###....
 Iskenderun's Mystic Bla  Conj/Tloc      #.......     63%         4    ####...
 Petrify                  Tmut/Erth      #.......     89%         4    ####...
 Airstrike                Air            #.........   90%         4    ####...
 Animate Dead             Necr           N/A          90%         4    ####...
 Cause Fear               Hex            #.........   90%         4    ####...
 Dispel Undead            Necr           #.......     90%         4    ####...
 Fulminant Prism          Conj/Hex       #.........   90%         4    ####...
 Leda's Liquefaction      Hex/Erth       #.........   90%         4    ####...
 Olgreb's Toxic Radiance  Pois           #.......     90%         4    ####...
 Sticky Flame             Conj/Fire      #.......     90%         4    ####...
 Summon Ice Beast         Ice/Summ       #.......     90%         4    ####...
 Summon Lightning Spire   Summ/Air       #.......     90%         4    ####...
 Summon Forest            Summ/Tloc      #.........   94%         5    ######.
 Agony                    Necr           #.......     99%         5    ######.
 Alistair's Intoxication  Tmut/Pois      #.......     99%         5    ######.
 Aura of Abjuration       Summ           #.........   99%         5    ######.
 Bolt of Magma            Conj/Fire/Erth #.........   99%         5    ######.
 Excruciating Wounds      Chrm/Necr      #.........   99%         5    ######.
 Iskenderun's Battlesphe  Conj/Chrm      #.......     99%         5    ######.
 Lee's Rapid Deconstruct  Erth           #.........   99%         5    ######.
 Lightning Bolt           Conj/Air       #.........   99%         5    ######.
 Summon Demon             Summ           #.........   99%         5    ######.
 Summon Mana Viper        Hex/Summ       #.......     99%         5    ######.
 Dispersal                Tloc           ##........   99%         6    #######
 Conjure Ball Lightning   Conj/Air       #.........   100%        6    #######
 Darkness                 Hex            #.........   100%        6    #######
 Eringya's Noxious Bog    Tmut/Pois      #.........   100%        6    #######
 Freezing Cloud           Conj/Ice/Air   #.........   100%        6    #######
 Hydra Form               Tmut           #.........   100%        6    #######
 Invisibility             Hex            #.......     100%        6    #######
 Iron Shot                Conj/Erth      #.........   100%        6    #######
 Shadow Creatures         Summ           N/A          100%        6    #######
 Malign Gateway           Summ/Tloc      #.........   100%        7    #######
 Monstrous Menagerie      Summ           #.........   100%        7    #######
 Orb of Destruction       Conj           #.........   100%        7    #######
 Ring of Flames           Chrm/Fire      #.........   100%        7    #######
 Spellforged Servitor     Conj/Summ      #.........   100%        7    #######
 Summon Greater Demon     Summ           #.........   100%        7    #######
 Summon Hydra             Summ           #.........   100%        7    #######
 Chain Lightning          Conj/Air       #.........   100%        8    #######
 Disjunction              Tloc           ##........   100%        8    #######
 Lehudib's Crystal Spear  Conj/Erth      #.........   100%        8    #######
 Summon Horrible Things   Summ           #.........   100%        8    #######
 Fire Storm               Conj/Fire      #.........   100%        9    #######
 Glaciate                 Conj/Ice       #.........   100%        9    #######


Dungeon Overview and Level Annotations

Branches:
Dungeon (15/15)            Temple (0/1) D:6            Lair (6/6) D:11
 Shoals (4/4) Lair:4        Snake (4/4) Lair:3        Slime (5/5) Lair:5
    Orc (2/2) D:9             Elf (3/3) Orc:2        Vaults (5/5) D:14
 Depths (5/5) D:15           Hell (visited)             Dis (0/7) Hell
    Geh (0/7) Hell            Tar (0/7) Hell            Zot (5/5) Depths:5
 Bailey (visited)
  Crypt: Vaults:2-3     Coc: Hell:1

Altars:
Cheibriados
Elyvilon
Hepliaklqana
Kikubaaqudgha
Okawaru
Ru
Trog
Vehumet
Wu Jian
Xom
Yredelemnul
Zin
Jiyva

Shops:
D:11 }   Orc:2 [:}(   Vaults:3 :

Portals:
Hell: Depths:2 Depths:3 Depths:5
Abyss: Depths:5
Pandemonium: Depths:3
Ziggurat: Depths:2
Trove: Elf:3 (lose all piety)

Annotations:
Lair:1 2 transporters, EnegeticOcto's ghost, journeyman DDFi
Lair:4 2 transporters, Jefobbuiso's ghost, journeyman DsWn
Lair:6 1 runed translucent door, kae's ghost, journeyman DrTm
Slime:5 Dissolution


Innate Abilities, Weirdness & Mutations

You have claws for feet.
You have an unnaturally thin skeletal structure. (Dex +6, Stealth++)
You resist negative energy. (rN+)
You are mostly covered in sharp spines.
You are somewhat able to resist unholy torments (1 in 2 success).
When hurt, damage is shared between your health and your magic reserves.
You regenerate magic rapidly.
When low on magic, you restore magic in place of health.
You tend to lose your temper in combat.
You are dopey. (Int -2)
You occasionally shout uncontrollably at your foes.
You are weak. (Str -2)
Your spells are a little easier to cast, but a little less powerful.


Message History

You slash the orb of fire! Your kick misses the orb of fire.
The orb of fire is lightly damaged.
You slash the orb of fire!
You claw the orb of fire, but do no damage.
The orb of fire is lightly damaged.
The orb of fire glows yellow.
Strange energies course through your body.
You feel a little pissed off.
You barely miss the orb of fire. Your kick misses the orb of fire.
The orb of fire is lightly damaged.
The orb of fire glows bright magenta.
Strange energies course through your body.
You feel stupid.
The orb of fire glows yellow.
The bolt of fire hits you!! You resist.
* * * LOW HITPOINT WARNING * * *
The orb of fire glows yellow.
The bolt of fire hits you!!! You resist.
You die...
Your body rises from the dead as a mindless zombie.

..f....###..X###########...###
p.......###...............##
........# ##...........^.##
........# #.............#
........# ##...........##
........# #...........#
......^.# ##..*.[.^....##
.......## #.............#
#....@........##
#......^.....^..#
########.########▓▓▓▓##
..........).......^...
.....⌠................
.#.####...######.....# ..
#...## #.....# #...<# #...##.
#####.# ######.


You could see an orb of fire.

Vanquished Creatures
  the Royal Jelly (Slime:5)
  2 ancient liches
  A shard shrike (Zot:2)
  2 curse toes (Zot:2)
  Geryon (Hell)
  A golden dragon (Vaults:5)
  A hellephant (Zot:2)
  8 Orb Guardians (Zot:5)
  8 tentacled monstrosities
  Rupert (Lair:3)
  5 liches
  A deep elf master archer (Elf:3)
  3 titans (Vaults:5)
  3 quicksilver dragons
  5 acid blobs
  The ghost of Tux the Arsonist, an adept DrFE of Vehumet (Orc:2)
  2 death cobs
  4 tengu reavers
  2 sphinxes (Vaults:5)
  Frances (Shoals:1)
  2 ancient champions (Hell)
  6 shadow dragons
  6 storm dragons
  A draconian monk (Zot:3)
  2 nagarajas (Snake:4)
  6 deep elf sorcerers
  A draconian knight (Depths:5)
  3 azure jellies
  5 fire giants
  2 frost giants (Vaults:5)
  A draconian stormcaller (Zot:4)
  2 balrugs (Hell)
  2 iron dragons
  2 deep elf elementalists
  4 vault wardens
  4 draconian scorchers
  8 ironheart preservers
  An entropy weaver (Vaults:1)
  4 draconian annihilators
  A juggernaut skeleton (Depths:2)
  11 very ugly things
  6 stone giants
  2 deep elf demonologists
  5 black draconians
  A vampire knight (Depths:3)
  A lorocyproca (Hell)
  5 white draconians
  6 yellow draconians
  2 deep elf annihilators (Depths:2)
  7 green draconians
  A spark wasp (Depths:4)
  9 purple draconians
  7 red draconians
  A merfolk impaler (Shoals:4)
  5 deep elf death magi
  A death ooze (Slime:2)
  6 yaktaur captains
  9 ettins
  3 fire dragons
  2 deep elf high priests (Vaults:5)
  2 naga warriors
  6 great orbs of eyes
  3 rakshasas
  17 vault guards
  3 hydras
  6 ice dragons
  5 anacondas
  2 spriggan air magi (Depths:4)
  9 dancing weapons
  7 centaur warriors
  A satyr (Shoals:4)
  3 tengu warriors
  15 two-headed ogres
  12 ogre magi
  2 death yaks (Lair:6)
  5 hell hogs (Hell)
  4 deep troll shamans
  A vampire mage (Depths:4)
  3 naga sharpshooters
  3 deep troll earth magi
  3 spriggan berserkers
  A shock serpent (Snake:4)
  3 soul eaters (Hell)
  11 deep elf knights
  Sonja (Lair:3)
  4 hell knights
  8 skeletal warriors
  A fire crab (shapeshifter) (Vaults:2)
  2 iron trolls (Depths:1)
  4 sun demons (Hell)
  2 spark wasp zombies (Depths:2)
  A salamander mystic (Snake:4)
  2 sea snakes (Snake:3)
  2 flayed ghosts
  A wizard (Vaults:1)
  7 deep trolls
  2 unseen horrors
  4 glowing orange brains
  Pikel (D:9)
  2 naga ritualists
  A wolf spider zombie (D:13)
  3 orc knights
  6 ironbrand convokers
  A lindwurm (Snake:4)
  7 necromancers
  A tengu zombie (Depths:2)
  6 deep elf archers
  A phantasmal warrior (Depths:3)
  18 ugly things
  2 mana vipers (Snake:4)
  5 harpies
  An anaconda skeleton (Hell)
  32 deep elf magi
  3 wolf spiders
  A salamander (Depths:1)
  A manticore (Shoals:4)
  2 salamanders (shapeshifter) (Depths:4)
  3 orc sorcerers
  A faun (Shoals:4)
  3 cyclopes
  A cyclops (shapeshifter) (Vaults:3)
  A large abomination (Elf:1)
  17 moths of wrath
  4 merfolk sirens
  3 elephants
  12 black mambas
  5 guardian serpents
  6 vault sentinels
  A rust devil (Hell)
  A guardian serpent (shapeshifter) (Depths:2)
  A smoke demon (Hell)
  An eye of devastation (shapeshifter) (Vaults:5)
  9 naga magi
  4 spiny frogs
  2 orange demons (Hell)
  A kobold demonologist (D:15)
  Maggie (Lair:1)
  A gargoyle (D:15)
  7 rime drakes
  A yaktaur (shapeshifter) (D:14)
  A freezing wraith (Vaults:2)
  2 komodo dragons
  17 yaktaurs
  A demonic crawler (Hell)
  5 hellwings (Depths:5)
  2 red devils (Hell)
  2 polar bears (Lair:6)
  A meliai (shapeshifter) (Depths:2)
  2 trolls
  5 merfolk
  A tengu simulacrum (Depths:2)
  2 wind drakes
  A hornet (shapeshifter) (D:15)
  3 hornets
  3 hippogriffs
  Grinder (D:3)
  2 blink frogs
  23 slime creatures
  A snapping turtle (Shoals:1)
  A raiju (shapeshifter) (Vaults:1)
  5 water elementals
  An ettin zombie (Depths:2)
  A tarantella (shapeshifter) (Vaults:1)
  7 fire elementals
  An air elemental (Elf:1)
  2 spriggans (D:15)
  2 redbacks (Elf:3)
  3 wyverns
  2 wraiths
  Sigmund (D:3)
  A basilisk (Lair:4)
  8 hogs
  3 humans
  9 yaks
  A basilisk (shapeshifter) (Depths:4)
  A vampire mosquito (D:15)
  A steam dragon (D:8)
  Edmund (D:5)
  A yaktaur simulacrum (Vaults:1)
  An elf skeleton (Depths:2)
  9 nagas
  9 two-headed ogre zombies (Orc:1)
  A hydra simulacrum (Zot:2)
  2 acid dragons
  9 water moccasins
  9 orc warriors
  4 porcupines
  5 sky beasts
  5 ice beasts
  2 black bears
  3 necrophages
  An eye of draining (shapeshifter) (Vaults:1)
  13 ogres
  3 phantoms
  3 wolves (Lair:4)
  6 eyes of draining
  6 centaurs
  9 crocodiles
  5 boggarts
  A big kobold (D:14)
  2 elf zombies (Elf:1)
  11 bullfrogs
  3 gnoll sergeants (Bailey)
  An earth elemental (Elf:1)
  3 scorpions
  8 killer bees
  18 wights
  An electric eel (Orc:1)
  7 crimson imps
  4 howler monkeys
  3 hounds
  A bullfrog zombie (D:11)
  3 centaur zombies
  An iron imp (Hell)
  14 orc priests
  2 centaur skeletons
  3 jellies
  15 orc wizards
  4 bullfrog skeletons
  5 gnoll shamans (Bailey)
  Terence (D:2)
  4 iguanas
  7 worker ants
  Natasha (thrice) (D:2)
  10 hell rats
  An ogre zombie (Orc:1)
  A hound skeleton (D:8)
  A mummy (D:7)
  A worker ant zombie (D:5)
  11 gnolls (Bailey)
  7 adders
  4 shadow imps
  An ooze (D:5)
  2 adder skeletons
  3 worms
  A dart slug (D:2)
  5 leopard geckos
  59 orcs
  8 bats
  2 giant cockroaches (D:1)
  11 goblins
  11 hobgoblins
  9 jackals
  2 quokkas
  7 frilled lizards
  A giant cockroach zombie (D:6)
  A goblin zombie (D:3)
  2 jackal skeletons
  15 kobolds
  A leopard gecko zombie (D:7)
  3 orc zombies (D:7)
  10 rats
  2 crawling corpses (Vaults:5)
1103 creatures vanquished.

Vanquished Creatures (collateral kills)
  Sojobo (Vaults:5)
  Frederick (Depths:5)
  4 golden dragons
  An electric golem (Zot:2)
  An Orb Guardian (Zot:5)
  A tentacled monstrosity (Vaults:4)
  2 deep elf blademasters (Elf:3)
  A titan (Depths:4)
  12 acid blobs
  A deep elf master archer (Elf:3)
  2 sphinxes
  2 tengu reavers
  Gastronok (Lair:2)
  Agnes (Snake:4)
  Kirke (D:13)
  Ilsuiw (Shoals:4)
  A draconian monk (Zot:2)
  Donald (Elf:1)
  3 shadow dragons
  Roxanne (Snake:1)
  A storm dragon (Zot:1)
  7 azure jellies
  4 frost giants
  5 nagarajas (Snake:4)
  2 fire giants
  A draconian scorcher (Zot:2)
  2 iron dragons
  3 deep elf sorcerers
  A balrug (Depths:5)
  Louise (Snake:4)
  Aizul (Snake:4)
  A ghoul (Vaults:4)
  5 very ugly things
  3 deep elf elementalists
  A reaper (Hell)
  5 ironheart preservers
  A stone giant (Vaults:2)
  6 green draconians
  6 deep elf annihilators
  5 deep elf demonologists
  A black draconian (Zot:2)
  A red draconian (Zot:5)
  5 white draconians
  2 purple draconians
  6 deep elf death magi
  4 ettins
  A merfolk javelineer (Shoals:4)
  3 deep elf high priests
  A fire dragon (Vaults:4)
  A death ooze (Slime:5)
  9 merfolk impalers
  3 yaktaur captains
  2 rakshasas
  2 great orbs of eyes
  9 vault guards
  7 naga warriors
  6 hydras
  An ice dragon (Depths:1)
  2 alligator snapping turtles (Shoals:4)
  11 anacondas
  2 merfolk aquamancers (Shoals:4)
  2 merfolk avatars
  A death knight (Vaults:4)
  An ogre mage (D:15)
  Erica (Lair:2)
  2 centaur warriors
  2 satyrs (Shoals:4)
  9 dancing weapons
  3 death yaks (Lair:6)
  A tengu warrior (D:15)
  2 deep troll earth magi
  2 deep troll shamans
  6 two-headed ogres
  A vampire mage (Depths:1)
  6 orc high priests (Orc:2)
  5 naga sharpshooters
  2 shock serpents
  A hell knight (Hell)
  A sun demon (Hell)
  A soul eater (Hell)
  15 deep elf knights
  Nergalle (D:11)
  4 salamander mystics (Snake:4)
  3 skeletal warriors (Hell)
  A shadow wraith (Vaults:5)
  3 sea snakes
  2 wizards
  4 naga ritualists (Snake:4)
  4 deep trolls
  A glowing orange brain (Slime:3)
  3 ironbrand convokers
  5 lindwurms
  12 deep elf archers
  2 phantasmal warriors
  22 ugly things
  4 harpies
  31 deep elf magi
  8 mana vipers
  2 oklob plants (Lair:5)
  10 orc knights
  2 shining eyes
  4 cyclopes
  2 manticores
  6 fauns
  A salamander (Snake:3)
  6 moths of wrath
  3 elephants
  A smoke demon (Depths:1)
  Joseph (D:9)
  A rust devil (Hell)
  6 vault sentinels
  12 black mambas
  12 naga magi
  3 water nymphs
  3 merfolk sirens
  4 guardian serpents
  A centaur skeleton (D:15)
  8 spiny frogs
  A purple draconian zombie (Zot:5)
  2 gargoyles
  4 rime drakes
  An efreet (D:12)
  A yaktaur (Vaults:5)
  2 tengu conjurers
  A komodo dragon (Lair:6)
  A hellwing (Depths:5)
  6 trolls
  A queen bee (shapeshifter) (Vaults:5)
  2 hornets
  7 merfolk
  4 hippogriffs
  A hornet (shapeshifter) (Depths:4)
  Prince Ribbit (Lair:3)
  5 polar bears
  3 snapping turtles
  4 blink frogs
  3 wind drakes
  40 slime creatures
  A stone giant simulacrum (Vaults:2)
  3 redbacks (Elf:3)
  A tarantella (shapeshifter) (Elf:2)
  3 wyverns
  18 yaks
  2 hogs (D:11)
  5 water elementals (Shoals:4)
  A fire elemental (Elf:2)
  A basilisk (D:15)
  3 hungry ghosts
  2 steam dragons
  A vampire mosquito (D:15)
  12 nagas
  2 wargs
  5 two-headed ogre zombies (Orc:1)
  2 acid dragons
  A hydra simulacrum (Zot:2)
  7 water moccasins
  5 hell hounds (Depths:5)
  3 porcupines
  A floating eye (shapeshifter) (Depths:1)
  27 orc warriors
  An eye of draining (shapeshifter) (Vaults:2)
  A slave (D:9)
  A black bear (D:9)
  A necrophage (D:9)
  2 ice beasts
  5 ogres
  A large abomination (Elf:1)
  A sky beast (D:10)
  2 wolves
  3 eyes of draining
  3 boggarts (D:15)
  A hornet zombie (D:10)
  A centaur (Shoals:3)
  8 crocodiles
  A big kobold (D:12)
  10 bullfrogs
  5 gnoll sergeants (Bailey)
  An earth elemental (Elf:1)
  2 scorpions
  4 killer bees
  6 wights
  An electric eel (Snake:1)
  4 crimson imps
  3 centaur zombies
  17 orc priests
  An iron imp (Hell)
  7 orc wizards
  A gnoll shaman (Bailey)
  An iguana (D:11)
  3 hell rats
  A worker ant (D:8)
  A hound zombie (D:10)
  3 gnolls (Bailey)
  2 adders
  2 oozes (Lair:5)
  25 orcs
  3 jackals
  A quokka (D:7)
  A frilled lizard (D:3)
  2 kobolds (D:12)
  A quokka skeleton (D:8)
  27 fungi
  22 plants
826 creatures vanquished.

Vanquished Creatures (others)
  3 profane servitors
  7 bone dragons
  A shard shrike zombie (Zot:2)
  A tengu reaver (Vaults:5)
  A fire giant (Depths:2)
  7 ghouls
  A reaper (Hell)
  A stone giant (Vaults:5)
  13 vampire knights
  A deep elf demonologist (Vaults:5)
  2 very ugly thing zombies (Depths:1)
  A deep elf high priest (Vaults:5)
  6 vault guards (Vaults:5)
  A two-headed ogre (Vaults:5)
  A spectral human (Elf:1)
  3 storm dragon zombies
  7 skeletal warriors
  A deep elf knight (Elf:2)
  6 flayed ghosts
  4 tengu zombies (Vaults:5)
  A harpy (Shoals:4)
  A deep elf mage (Elf:2)
  A sphinx zombie (Vaults:5)
  A stone giant zombie (Vaults:5)
  A draconian zombie (Zot:2)
  9 phantasmal warriors
  2 fire giant zombies
  A sphinx skeleton (Depths:2)
  A frost giant zombie (Vaults:5)
  3 hell hog zombies (Hell)
  A draconian skeleton (Zot:2)
  A rust devil (Hell)
  11 elf zombies
  2 black draconian zombies (Zot:2)
  2 yellow draconian zombies
  3 green draconian zombies
  3 white draconian zombies
  4 purple draconian zombies
  A ghoul skeleton (Vaults:5)
  2 red draconian zombies
  A hydra zombie (Lair:6)
  19 human zombies
  A red draconian skeleton (Zot:2)
  A white draconian skeleton (Zot:2)
  2 harpy zombies
  3 guardian serpent zombies
  5 moth of wrath zombies
  5 ugly thing zombies
  An ice dragon zombie (Vaults:5)
  6 deep troll zombies
  2 black mamba zombies
  3 ettin zombies
  20 flying skulls
  9 vampires
  7 two-headed ogre zombies
  3 spiny frog zombies
  A two-headed ogre skeleton (Vaults:5)
  4 blink frog zombies (Lair:3)
  2 hog zombies (D:13)
  2 vampire mosquito zombies (D:15)
  A rime drake zombie (Lair:6)
  4 yaktaur zombies
  A cyclops zombie (Vaults:2)
  A naga zombie (Depths:2)
  A yak zombie (Lair:6)
  A polar bear skeleton (Lair:6)
  A bullfrog zombie (Lair:2)
  2 centaur zombies
  A kobold zombie (D:15)
  2 crocodile zombies
  2 ogre zombies
  2 acid dragon zombies (D:15)
  A crocodile skeleton (Lair:1)
  4 hell rat zombies
  A mummy (Lair:4)
  A worker ant zombie (D:9)
  A scorpion zombie (D:9)
  An adder (D:9)
  A steam dragon zombie (D:8)
  An iguana zombie (D:8)
  12 orc zombies
  An adder zombie (D:7)
  2 jackals (D:9)
  A jackal skeleton (D:10)
  A jackal zombie (D:3)
  A leopard gecko zombie (D:6)
  A quokka zombie (D:6)
  10 fungi
  8 plants
283 creatures vanquished.

Grand Total: 2212 creatures vanquished

Notes
Turn   | Place    | Note
-------+----------+-------------------------------------------
     0 | D:1      | Lugonue the Demonspawn Gladiator began the quest for the
                  | Orb.
     0 | D:1      | Reached XP level 1. HP: 16/16 MP: 1/1
   152 | D:1      | Gained mutation: You have sharp toenails. [demonic
                  | ancestry]
   152 | D:1      | Reached XP level 2. HP: 21/22 MP: 2/2
   630 | D:1      | Gained mutation: You have razor-sharp toenails. [demonic
                  | ancestry]
   630 | D:1      | Reached XP level 3. HP: 23/27 MP: 3/3
  1086 | D:2      | Noticed Terence
  1098 | D:2      | Killed Terence
  1098 | D:2      | Gained mutation: You have a somewhat thin skeletal
                  | structure. (Dex +2, Stealth) [demonic ancestry]
  1098 | D:2      | Reached XP level 4. HP: 34/34 MP: 4/4
  1105 | D:2      | Found a white marble altar of Elyvilon.
  1107 | D:2      | Noticed Natasha
  1119 | D:2      | Killed Natasha
  1119 | D:2      | Reached skill level 1 in Armour
  1325 | D:2      | Noticed Natasha
  1337 | D:2      | Killed Natasha
  1377 | D:2      | Found a hazy altar of Hepliaklqana.
  1378 | D:2      | Found a glowing silver altar of Zin.
  1474 | D:2      | Noticed Natasha
  1480 | D:2      | Killed Natasha
  1480 | D:2      | Gained mutation: You have claws for feet. [demonic
                  | ancestry]
  1480 | D:2      | Reached XP level 5. HP: 34/39 MP: 5/5
  1723 | D:2      | Found a bloodstained altar of Trog.
  1723 | D:2      | Found a basalt altar of Yredelemnul.
  1728 | D:2      | Found an ancient bone altar of Kikubaaqudgha.
  1730 | D:2      | Found a faded altar of an unknown god.
  1731 | D:2      | Found a faded altar of an unknown god.
  1736 | D:2      | Became a worshipper of Yredelemnul the Dark
  1736 | D:2      | Reached * piety under Yredelemnul
  2147 | D:3      | Noticed Grinder
  2165 | D:3      | Killed Grinder
  2165 | D:3      | Reached skill level 1 in Stealth
  2165 | D:3      | Reached XP level 6. HP: 46/46 MP: 6/6
  2293 | D:3      | Noticed Sigmund
  2303 | D:3      | Killed Sigmund
  2303 | D:3      | Reached skill level 3 in Fighting
  2303 | D:3      | Reached skill level 5 in Long Blades
  2303 | D:3      | Reached skill level 1 in Invocations
  2303 | D:3      | Gained mutation: You are partially covered in sharp spines.
                  | [demonic ancestry]
  2303 | D:3      | Reached XP level 7. HP: 52/52 MP: 7/7
  2306 | D:3      | Reached ** piety under Yredelemnul
  2557 | D:5      | Entered Level 5 of the Dungeon
  2697 | D:5      | Noticed Edmund
  2720 | D:5      | Killed Edmund
  3839 | D:6      | Found a staircase to the Ecumenical Temple.
  3871 | D:6      | Gained mutation: You have a moderately thin skeletal
                  | structure. (Dex +4, Stealth+) [demonic ancestry]
  3871 | D:6      | Reached XP level 8. HP: 57/58 MP: 9/9
  4250 | D:7      | Reached *** piety under Yredelemnul
  4250 | D:7      | Reached skill level 4 in Fighting
  4620 | D:7      | Received a gift from Yredelemnul (a mummy)
  4639 | D:7      | Gained mutation: When hurt, damage is shared between your
                  | health and your magic reserves. [demonic ancestry]
  4639 | D:7      | Reached XP level 9. HP: 66/66 MP: 11/11
  5223 | D:8      | Reached **** piety under Yredelemnul
  5472 | D:8      | Reached skill level 5 in Fighting
  5551 | D:8      | Learned a level 2 spell: Passwall
  5665 | D:8      | Received a gift from Yredelemnul (4 flying skulls)
  5671 | D:8      | Reached skill level 5 in Dodging
  5679 | D:8      | Reached skill level 5 in Stealth
  5827 | D:8      | Reached XP level 10. HP: 67/74 MP: 13/13
  5874 | D:8      | Learned a level 1 spell: Pain
  5979 | D:9      | Reached skill level 10 in Long Blades
  5984 | D:9      | Learned a level 3 spell: Stone Arrow
  5992 | D:9      | Noticed Pikel
  6003 | D:9      | Killed Pikel
  6016 | D:9      | Found a sacrificial altar of Ru.
  6165 | D:9      | Noticed Joseph
  6177 | D:9      | Killed Joseph
  6281 | D:9      | Reached ***** piety under Yredelemnul
  6350 | D:9      | Received a gift from Yredelemnul (4 flying skulls)
  6429 | D:10     | Entered Level 10 of the Dungeon
  6541 | D:10     | Killed an unseen horror
  6808 | D:10     | Received a gift from Yredelemnul (a mummy)
  7024 | D:11     | Noticed Nergalle
  7036 | D:11     | Killed Nergalle
  7036 | D:11     | Reached skill level 5 in Invocations
  7070 | D:11     | Reached skill level 6 in Fighting
  7182 | D:11     | Gained mutation: You have an unnaturally thin skeletal
                  | structure. (Dex +6, Stealth++) [demonic ancestry]
  7182 | D:11     | Reached XP level 11. HP: 75/81 MP: 12/14
  7196 | D:11     | Received a gift from Yredelemnul (4 flying skulls)
  7202 | D:11     | Found a staircase to the Lair.
  7214 | Lair:1   | Entered Level 1 of the Lair of Beasts
  7380 | Lair:2   | Noticed a seven-headed hydra
  7473 | Lair:2   | Noticed Erica
  7481 | Lair:2   | Killed Erica
  7620 | Lair:2   | Killed a six-headed hydra
  7699 | Lair:2   | Noticed Gastronok
  7711 | Lair:2   | Killed Gastronok
  7749 | Lair:2   | Received a gift from Yredelemnul (4 flying skulls)
  7861 | Lair:3   | Noticed Prince Ribbit
  7875 | Lair:3   | Killed Prince Ribbit
  7894 | Lair:3   | Found a staircase to the Snake Pit.
  7928 | Snake:1  | Entered Level 1 of the Snake Pit
  7929 | Snake:1  | Noticed Roxanne
  7937 | Lair:3   | Noticed a six-headed hydra
  7942 | Lair:3   | Reached skill level 7 in Fighting
  7946 | Lair:3   | Killed a nine-headed hydra
  7962 | Lair:3   | Noticed Sonja
  7980 | Lair:3   | Killed Sonja
  7987 | Lair:3   | Noticed a seven-headed hydra
  7994 | Lair:3   | Killed a nine-headed hydra
  8007 | Lair:3   | Noticed Rupert
  8046 | Lair:3   | Killed Rupert
  8046 | Lair:3   | Reached XP level 12. HP: 45/91 MP: 7/17
  8140 | Lair:3   | Noticed a six-headed hydra
  8594 | Lair:2   | Received a gift from Yredelemnul (a vampire)
  8985 | Lair:3   | Killed a five-headed hydra
  9315 | Lair:4   | Reached skill level 1 in Evocations
  9353 | Lair:4   | Found a staircase to the Shoals.
  9408 | Lair:4   | Received a gift from Yredelemnul (2 flying skulls)
  9435 | Lair:4   | Found a transporter.
  9438 | Lair:4   | Identified the +4 spear "Zaoramoo" {antimagic, MR+}
  9442 | Lair:4   | Found a bloodstained altar of Trog.
  9447 | Lair:4   | Found a transporter.
  9448 | Lair:4   | Noticed Jefobbuiso's ghost (journeyman DsWn)
  9740 | Lair:4   | Got a distressingly furry plate armour
  9751 | Lair:4   | Identified the +4 plate armour of Deetz {+Blink} (You found
                  | it on level 4 of the Lair of Beasts)
  9884 | Lair:5   | Reached skill level 5 in Armour
 10059 | Lair:5   | Found a runed translucent door.
 10066 | Lair:5   | Found a viscous altar of Jiyva.
 10068 | Lair:5   | Found a staircase to the Slime Pits.
 10305 | Lair:5   | Got an ichor-stained lajatang
 10306 | Lair:5   | Identified the cursed +1 lajatang "Mizayc" {flame, Str+6}
                  | (You found it on level 5 of the Lair of Beasts)
 10560 | Lair:5   | Received a gift from Yredelemnul (2 flying skulls)
 10611 | Lair:6   | Entered Level 6 of the Lair of Beasts
 10739 | Lair:6   | Noticed a four-headed hydra
 10746 | Lair:6   | Killed a four-headed hydra
 10750 | Lair:6   | Gained mutation: You resist negative energy. (rN+) [demonic
                  | ancestry]
 10750 | Lair:6   | Reached XP level 13. HP: 69/98 MP: 13/19
 10785 | Lair:6   | Received a gift from Yredelemnul (a skeletal warrior)
 10795 | Lair:6   | Reached ****** piety under Yredelemnul
 11376 | Lair:6   | Found a runed translucent door.
 11379 | Lair:6   | Noticed kae's ghost (journeyman DrTm)
 11412 | Lair:6   | Received a gift from Yredelemnul (a flayed ghost)
 11679 | Lair:1   | Noticed Maggie
 11683 | Lair:1   | Reached skill level 10 in Invocations
 11685 | Lair:1   | Noticed EnegeticOcto's ghost (journeyman DDFi)
 11689 | Lair:1   | Killed Maggie
 11912 | Lair:1   | Found a transporter.
 11912 | Lair:1   | Found a transporter.
 12183 | D:11     | Got a steaming plate armour
 12203 | D:11     | Identified the cursed +1 plate armour of the Duke {Int+8
                  | Dex-2} (You found it on level 11 of the Dungeon)
 12271 | D:11     | Received a gift from Yredelemnul (a vampire)
 12475 | D:11     | Found Qyiklox's Gadget Shop.
 12507 | D:11     | Reached skill level 10 in Armour
 12698 | D:11     | Received a gift from Yredelemnul (a vampire)
 12737 | D:12     | Found a runed translucent door.
 12772 | D:12     | You fall into a shaft and drop 3 floors!
 12772 | D:15     | Entered Level 15 of the Dungeon
 12827 | D:15     | Found the macabre finger necklace {rN+}
 12971 | D:15     | Found an ornate altar of the Wu Jian Council.
 13094 | D:15     | Found a shimmering altar of Xom.
 13145 | D:15     | Received a gift from Yredelemnul (a vampire)
 13337 | D:15     | Found a shimmering altar of Xom.
 13346 | D:15     | Reached XP level 14. HP: 57/104 MP: 18/21
 13456 | D:15     | Received a gift from Yredelemnul (a phantasmal warrior)
 13483 | D:15     | Got a slimy turquoise ring
 13489 | D:15     | Identified the ring "Byggoycw" {+Fly rElec MR+ Str+2} (You
                  | found it on level 15 of the Dungeon)
 13644 | D:15     | Noticed a frost giant
 13655 | D:15     | Killed a frost giant
 13732 | D:15     | Received a gift from Yredelemnul (a vampire)
 13741 | D:15     | Got a twitching lead ring
 13745 | D:15     | Identified the ring "Reroc" {-Tele rElec EV+3 Str-4 Dex+9}
                  | (You found it on level 15 of the Dungeon)
 13948 | D:15     | Got a wavering iron ring
 13952 | D:15     | Identified the ring of Puethule {rPois Stlth+} (You found
                  | it on level 15 of the Dungeon)
 13963 | D:15     | Found a staircase to the Depths.
 14003 | D:15     | Reached skill level 8 in Fighting
 14046 | D:15     | Noticed a white very ugly thing
 14139 | D:13     | Received a gift from Yredelemnul (a ghoul)
 14141 | D:13     | Noticed Kirke
 14151 | D:13     | Killed Kirke
 14224 | D:14     | Found a flagged portal.
 14358 | Bailey   | Entered a bailey
 14455 | Bailey   | Received a gift from Yredelemnul (a bone dragon)
 14479 | Bailey   | Identified the +11 chain mail of Egalitarianism {rElec
                  | Int+4 Dex+5}
 14789 | D:14     | You fall into a shaft and drop 1 floor!
 14806 | D:15     | Killed a white very ugly thing
 14960 | D:14     | Received a gift from Yredelemnul (a skeletal warrior)
 14961 | D:14     | Found a gate to the Vaults.
 15236 | D:13     | Your ally Kirke died
 15446 | D:13     | Identified a scroll of acquirement
 15462 | D:12     | Received a gift from Yredelemnul (a vampire knight)
 15489 | D:12     | Found an iron altar of Okawaru.
 15594 | D:12     | Gained mutation: You regenerate magic rapidly. [demonic
                  | ancestry]
 15594 | D:12     | Reached XP level 15. HP: 109/112 MP: 22/22
 15784 | D:12     | Reached skill level 9 in Fighting
 15797 | D:12     | Identified the cursed +0 ring mail of Qama {rF- MR+ Int+6}
 15844 | D:12     | Received a gift from Yredelemnul (a bone dragon)
 16276 | D:9      | Found a staircase to the Orcish Mines.
 16284 | D:9      | Received a gift from Yredelemnul (a skeletal warrior)
 16314 | Orc:1    | Entered Level 1 of the Orcish Mines
 16500 | Orc:1    | Received a gift from Yredelemnul (a bone dragon)
 16611 | Orc:2    | Entered Level 2 of the Orcish Mines
 16611 | Orc:2    | Found a transporter.
 16614 | Orc:2    | Noticed Tux's ghost (adept DrFE)
 16621 | Orc:2    | Found a transporter.
 16660 | Orc:2    | Killed Tux's ghost
 16694 | Orc:2    | Reached skill level 15 in Long Blades
 16695 | Orc:2    | Received a gift from Yredelemnul (a vampire knight)
 16974 | Orc:2    | Received a gift from Yredelemnul (a skeletal warrior)
 17076 | Orc:2    | Found Toph's Antique Weapon Emporium.
 17076 | Orc:2    | Found Hucoal's Armour Emporium.
 17077 | Orc:2    | Found Ugaliuz's Gadget Emporium.
 17077 | Orc:2    | Found Agrahal's Book Shoppe.
 17084 | Orc:2    | Bought a translucent falchion for 240 gold pieces
 17186 | Orc:2    | Found a staircase to the Elven Halls.
 17439 | Elf:1    | Entered Level 1 of the Elven Halls
 17550 | Elf:1    | Received a gift from Yredelemnul (a profane servitor)
 17762 | Elf:1    | Noticed a deep elf sorcerer
 17775 | Elf:1    | Killed a deep elf sorcerer
 17832 | Elf:1    | Noticed Donald
 17846 | Elf:1    | Killed Donald
 17888 | Elf:1    | You fall into a shaft and drop 1 floor!
 17911 | Elf:2    | Found a huge runed translucent gate.
 17912 | Elf:2    | Found a huge runed translucent gate.
 17913 | Elf:2    | Found a huge runed translucent gate.
 17914 | Elf:2    | Found a huge runed translucent gate.
 17915 | Elf:2    | Found a huge runed translucent gate.
 17942 | Elf:2    | Identified the +7 falchion of Tension {elec, rC+ Dex+4}
                  | (You bought it in a shop on level 2 of the Orcish Mines)
 17968 | Elf:2    | Reached skill level 1 in Shields
 17969 | Elf:2    | Received a gift from Yredelemnul (a bone dragon)
 18085 | Elf:2    | Reached skill level 5 in Shields
 18086 | Elf:2    | Received a gift from Yredelemnul (a ghoul)
 18123 | Elf:2    | Gained mutation: You are somewhat able to resist unholy
                  | torments (1 in 2 success). [demonic ancestry]
 18123 | Elf:2    | Reached XP level 16. HP: 102/121 MP: 23/23
 18190 | Elf:2    | Received a gift from Yredelemnul (a phantasmal warrior)
 18448 | Elf:3    | Entered Level 3 of the Elven Halls
 18648 | Elf:3    | Received a gift from Yredelemnul (a ghoul)
 18693 | Elf:3    | Found a portal to a secret trove of treasure.
 18879 | Elf:3    | Received a gift from Yredelemnul (a skeletal warrior)
 18963 | Elf:3    | Noticed a deep elf master archer
 18963 | Elf:3    | Noticed a deep elf blademaster
 18968 | Elf:3    | Killed a deep elf blademaster
 18972 | Elf:3    | Killed a deep elf master archer
 19079 | Elf:3    | Noticed a deep elf blademaster
 19091 | Elf:3    | Killed a deep elf blademaster
 19092 | Elf:3    | Reached skill level 10 in Shields
 19123 | Elf:3    | Noticed a deep elf master archer
 19131 | Elf:3    | Killed a deep elf master archer
 19558 | Snake:1  | Killed Roxanne
 19903 | Snake:4  | Entered Level 4 of the Snake Pit
 19959 | Snake:4  | Received a gift from Yredelemnul (a flayed ghost)
 20025 | Snake:4  | Received a gift from Yredelemnul (a ghoul)
 20029 | Snake:4  | Reached XP level 17. HP: 82/127 MP: 24/24
 20073 | Snake:4  | Noticed Aizul
 20089 | Snake:4  | Killed Aizul
 20437 | Snake:4  | Noticed Agnes
 20440 | Snake:4  | Received a gift from Yredelemnul (a vampire knight)
 20450 | Snake:4  | Killed Agnes
 20785 | Snake:4  | Noticed Louise
 20807 | Snake:4  | Received a gift from Yredelemnul (a ghoul)
 20809 | Snake:4  | Killed Louise
 20848 | Snake:4  | Received a gift from Yredelemnul (a vampire knight)
 20895 | Snake:4  | Received a gift from Yredelemnul (a phantasmal warrior)
 20908 | Snake:4  | Got a serpentine rune of Zot
 21059 | Snake:3  | Received a gift from Yredelemnul (a vampire)
 21274 | Shoals:1 | Entered Level 1 of the Shoals
 21274 | Shoals:1 | Noticed Frances
 21287 | Shoals:1 | Killed Frances
 21447 | Shoals:4 | Entered Level 4 of the Shoals
 21448 | Shoals:4 | Noticed Ilsuiw
 21460 | Shoals:4 | Received a gift from Yredelemnul (a bone dragon)
 21462 | Shoals:4 | Killed Ilsuiw
 21538 | Shoals:4 | Received a gift from Yredelemnul (a profane servitor)
 21626 | Shoals:4 | Received a gift from Yredelemnul (a skeletal warrior)
 21747 | Shoals:4 | Reached skill level 15 in Shields
 21800 | Shoals:4 | Received a gift from Yredelemnul (a phantasmal warrior)
 21875 | Shoals:4 | Got a barnacled rune of Zot
 22022 | Slime:1  | Entered Level 1 of the Pits of Slime
 22022 | Slime:1  | Noticed an acid blob
 22030 | Slime:1  | Killed an acid blob
 22030 | Slime:1  | Received a gift from Yredelemnul (a vampire knight)
 22035 | Slime:1  | Noticed an acid blob
 22045 | Slime:1  | Killed an acid blob
 22056 | Slime:2  | Noticed an acid blob
 22062 | Slime:2  | Noticed an acid blob
 22073 | Slime:2  | Killed an acid blob
 22073 | Slime:2  | Reached XP level 18. HP: 111/134 MP: 23/25
 22079 | Slime:2  | Reached skill level 10 in Fighting
 22186 | Slime:3  | Received a gift from Yredelemnul (a vampire)
 22273 | Slime:5  | Entered Level 5 of the Pits of Slime
 22325 | Slime:5  | Found a viscous altar of Jiyva.
 22326 | Slime:5  | Noticed the Royal Jelly
 22333 | Slime:5  | Reached skill level 11 in Fighting
 22366 | Slime:5  | Killed the Royal Jelly
 22385 | Slime:5  | Reached skill level 12 in Fighting
 22414 | Slime:5  | Got a warped cloak
 22415 | Slime:5  | Identified the +1 cloak of Mysticism {Dex+4} (You found it
                  | on level 5 of the Pits of Slime)
 22427 | Slime:5  | Identified the Compendium of the Birds and Talismans
 22430 | Slime:5  | Got a transparent turquoise ring
 22431 | Slime:5  | Identified the ring of Simumuet {+Fly rC++ MP+9} (You found
                  | it on level 5 of the Pits of Slime)
 22445 | Slime:5  | Got an ancient shield
 22446 | Slime:5  | Identified the cursed +0 shield of the Great Game {Slay+3}
                  | (You found it on level 5 of the Pits of Slime)
 22474 | Slime:5  | Got a slimy rune of Zot
 22498 | Slime:5  | Got a pair of dazzling gloves
 22504 | Slime:5  | Identified the +2 pair of gloves of the Moon Troll {*Slow
                  | +Fly rElec Dex+3} (You found it on level 5 of the Pits of
                  | Slime)
 22540 | Slime:5  | Identified the Incunabulum of the Venomous Oath
 22622 | Slime:5  | Noticed Dissolution
 22633 | Slime:5  | Paralysed by a floating eye for 4 turns
 22639 | Slime:5  | Paralysed by a floating eye for 4 turns
 22686 | Slime:4  | Received a gift from Yredelemnul (a profane servitor)
 23005 | Vaults:1 | Entered Level 1 of the Vaults
 23069 | Vaults:2 | Reached skill level 10 in Dodging
 23120 | Vaults:2 | Received a gift from Yredelemnul (a phantasmal warrior)
 23162 | Vaults:2 | Reached skill level 13 in Fighting
 23163 | Vaults:2 | Received a gift from Yredelemnul (a flayed ghost)
 23324 | Vaults:2 | Received a gift from Yredelemnul (a phantasmal warrior)
 23438 | Vaults:3 | Reached XP level 19. HP: 136/151 MP: 23/26
 23494 | Vaults:3 | Found Momolex's Book Emporium.
 23501 | Vaults:3 | Bought a book of Death for 980 gold pieces
 23556 | Vaults:3 | Reached skill level 14 in Fighting
 24038 | Vaults:4 | Received a gift from Yredelemnul (a ghoul)
 24228 | Vaults:5 | Entered Level 5 of the Vaults
 24242 | Vaults:5 | Noticed Sojobo
 24258 | Vaults:5 | Noticed a Brimstone Fiend
 24272 | Vaults:5 | Reached skill level 15 in Fighting
 25037 | Vaults:5 | Received a gift from Yredelemnul (a vampire)
 25041 | Vaults:5 | Killed Sojobo
 25041 | Vaults:5 | Reached skill level 16 in Fighting
 25171 | Vaults:5 | Your ally Sojobo died
 25236 | Vaults:5 | Received a gift from Yredelemnul (a vampire knight)
 25310 | Vaults:5 | Got a smoking falchion
 25311 | Vaults:5 | Identified the +9 falchion of the Seer {vamp, rElec rPois
                  | Str+9 Stlth-} (You found it on level 5 of the Vaults)
 25397 | Vaults:5 | Reached XP level 20. HP: 167/167 MP: 25/27
 25435 | Vaults:5 | Reached skill level 17 in Fighting
 25489 | Vaults:5 | Got a smelly plate armour
 25512 | Vaults:5 | Got a heavy robe
 25523 | Vaults:5 | Identified the +1 robe of Untold Secrets {rElec rC- Int+4}
                  | (You found it on level 5 of the Vaults)
 25534 | Vaults:5 | Identified the +2 plate armour of Pemyz {rCorr Str+8 Int-4
                  | Slay-6} (You found it on level 5 of the Vaults)
 26074 | Vaults:5 | Noticed a golden dragon
 26085 | Vaults:5 | Killed a golden dragon
 26098 | Vaults:5 | Got a silver rune of Zot
 26100 | Vaults:5 | Got a clouded bronze ring
 26102 | Vaults:5 | Identified the ring of the Skies Above {*Slow +Blink +Inv
                  | rC+ MP+9} (You found it on level 5 of the Vaults)
 26354 | Vaults:2 | Received a gift from Yredelemnul (a vampire)
 26623 | Vaults:1 | Reached skill level 18 in Fighting
 26847 | Vaults:1 | Found a snail-covered altar of Cheibriados.
 27378 | Vaults:1 | Received a gift from Yredelemnul (a flayed ghost)
 27737 | Depths:1 | Entered Level 1 of the Depths
 27975 | Depths:1 | Reached skill level 19 in Fighting
 27983 | Depths:1 | Received a gift from Yredelemnul (a phantasmal warrior)
 28017 | Depths:1 | Received a gift from Yredelemnul (a ghoul)
 28242 | Depths:2 | Gained mutation: You are mostly covered in sharp spines.
                  | [demonic ancestry]
 28242 | Depths:2 | Reached XP level 21. HP: 180/180 MP: 28/28
 28475 | Depths:2 | Found a gateway to a ziggurat.
 28630 | Depths:2 | Learned a level 1 spell: Apportation
 28639 | Depths:2 | Learned a level 8 spell: Controlled Blink
 28667 | Depths:2 | Reached skill level 1 in Spellcasting
 28716 | Depths:2 | Received a gift from Yredelemnul (a skeletal warrior)
 29746 | Depths:2 | Received a gift from Yredelemnul (a vampire knight)
 29850 | Depths:2 | Found a gateway to Hell.
 29919 | Depths:2 | Found a runed translucent door.
 29922 | Depths:2 | Found a radiant altar of Vehumet.
 29923 | Depths:2 | Noticed an ancient lich
 29946 | Depths:2 | Killed an ancient lich
 29968 | Depths:2 | Identified the Reference Book on Attacks
 30061 | Hell     | Entered the Vestibule of Hell
 30061 | Hell     | Noticed Geryon
 30137 | Hell     | Received a gift from Yredelemnul (a vampire knight)
 30292 | Hell     | Found a gateway to the Iron City of Dis.
 30635 | Hell     | Received a gift from Yredelemnul (a vampire knight)
 30713 | Hell     | Found a gateway to the ashen valley of Gehenna.
 30805 | Hell     | Received a gift from Yredelemnul (a bone dragon)
 30907 | Hell     | Found a gateway to the decaying netherworld of Tartarus.
 30942 | Hell     | Killed Geryon
 31355 | Depths:3 | Upgraded the game from 0.25-a0-435-g4b9beb1024 to
                  | 0.25-a0-443-gece2dee8bd
 31456 | Depths:3 | Found a one-way gate leading to the halls of Pandemonium.
 31529 | Depths:3 | Received a gift from Yredelemnul (a flayed ghost)
 31534 | Depths:3 | Reached XP level 22. HP: 174/188 MP: 29/29
 31730 | Depths:4 | Received a gift from Yredelemnul (a vampire knight)
 31776 | Depths:4 | Noticed a golden dragon
 31787 | Depths:4 | Killed a golden dragon
 31793 | Depths:4 | Noticed a golden dragon
 31797 | Depths:4 | Killed a golden dragon
 31797 | Depths:4 | Reached skill level 15 in Dodging
 31820 | Depths:4 | Received a gift from Yredelemnul (a bone dragon)
 31855 | Depths:4 | Got a slimy chain mail
 31856 | Depths:4 | Identified the cursed +0 chain mail of the Distant Future
                  | {rF++ MR+ Str+2 Dex-5} (You found it on level 4 of the
                  | Depths)
 31881 | Depths:4 | You fall into a shaft and drop 1 floor!
 31881 | Depths:5 | Entered Level 5 of the Depths
 32056 | Depths:5 | Noticed Frederick
 32065 | Depths:5 | Killed Frederick
 32217 | Depths:5 | Noticed a golden dragon
 32225 | Depths:5 | Killed a golden dragon
 32482 | Depths:5 | Found a one-way gate to the infinite horrors of the Abyss.
 32603 | Depths:5 | Found a gate to the Realm of Zot.
 32612 | Zot:1    | Entered Level 1 of the Realm of Zot
 32760 | Zot:2    | Received a gift from Yredelemnul (a vampire knight)
 32779 | Zot:2    | Noticed a shard shrike
 32795 | Zot:2    | Killed a shard shrike
 32799 | Zot:2    | Noticed a curse toe
 32950 | Zot:3    | Received a gift from Yredelemnul (a phantasmal warrior)
 32970 | Zot:3    | Got an ichor-stained falchion
 32971 | Zot:3    | Identified the +7 falchion "Uxkec" {holy, Dex+3} (You found
                  | it on level 3 of the Realm of Zot)
 33602 | Zot:3    | Noticed a golden dragon
 33613 | Zot:3    | Killed a golden dragon
 33847 | Zot:3    | Reached skill level 20 in Fighting
 34095 | Zot:3    | Gained mutation: When low on magic, you restore magic in
                  | place of health. [demonic ancestry]
 34095 | Zot:3    | Reached XP level 23. HP: 196/196 MP: 30/30
 34271 | Zot:2    | Received a gift from Yredelemnul (a phantasmal warrior)
 34377 | Zot:2    | Received a gift from Yredelemnul (a flayed ghost)
 34428 | Zot:2    | Noticed a curse toe
 34451 | Zot:2    | Killed a curse toe
 34616 | Zot:2    | Killed a curse toe
 35212 | Zot:5    | Entered Level 5 of the Realm of Zot
 35277 | Zot:5    | Learned a level 2 spell: Blink
 35359 | Zot:5    | Reached skill level 1 in Translocations
 35479 | Zot:5    | Noticed an ancient lich
 35542 | Zot:5    | Killed an ancient lich
 35542 | Zot:5    | Reached skill level 5 in Spellcasting
 35542 | Zot:5    | Received a gift from Yredelemnul (a vampire knight)
 35551 | Zot:5    | Noticed a Killer Klown
 35576 | Zot:5    | Noticed an orb of fire
 35582 | Zot:5    | Noticed a curse toe
 35583 | Zot:5    | Gained mutation: Your spells are a little easier to cast,
                  | but a little less powerful. [an orb of fire]
 35587 | Zot:5    | Gained mutation: You are weak. (Str -2) [an orb of fire]
 35591 | Zot:5    | Gained mutation: You occasionally shout uncontrollably at
                  | your foes. [an orb of fire]
 35599 | Zot:5    | HP: 6/198 [orb of fire/bolt of fire (33)]
 35604 | Zot:5    | Gained mutation: You tend to lose your temper in combat.
                  | [an orb of fire]
 35605 | Zot:5    | Gained mutation: You are dopey. (Int -2) [an orb of fire]
 35607 | Zot:5    | Killed from afar by an orb of fire

Levels and vault maps discovered:
D:1:      dpeg_cavernosity, layout_basic, hangedman_abyss_or_decor_lesser_grid,
          dk_noncrumbling_4
D:2:      layout_loops_ring, chequers_temple_overflow_minitemple,
          elyvilon_altar_5, grunt_temple_overflow_open, first_ration,
          hangedman_decor_peaks_small, uniq_terence, uniq_natasha
D:3:      layout_loops_ring, minmay_close_crescents, uniq_sigmund, uniq_grinder
D:4:      layout_basic, serial_glass, glass_columns_c, glass_columns_b
D:5:      layout_basic, uniq_edmund
D:6:      layout_rooms, minmay_temple_entry_hall, corexii_checkpoint_a
D:7:      layout_loops_ring, st_stairs_11, minmay_misc_feat_chi,
          kennysheep_cross_room, minivault_10
D:8:      layout_rooms
D:9:      layout_basic, old_standard_altar, erik_orc_1, uniq_joseph, uniq_pikel
D:10:     layout_long_grid
D:11:     layout_loops_ring, grunt_lair_entry_orc_guard_hut, serial_shops, shop,
          grunt_livestock, uniq_nergalle
D:12:     layout_roguey, minmay_st_funbox, okawaru_humans
D:13:     layout_rooms, serial_ice, serial_ice_d, serial_ice_l, serial_ice_o,
          serial_ice_b, portal_ice_cave_demonic_guard, uniq_kirke
D:14:     layout_big_octagon, david_vaults_1, enter_bailey_2
D:15:     hangedman_spin_cycle
Lair:1:   layout_chaotic_city, gammafunk_ghost_hive, uniq_maggie
Lair:2:   layout_hall_layers, hangedman_lair_generics_rect, uniq_erica,
          uniq_gastronok
Lair:3:   layout_cave_pods, dummy_snake_entry, grunt_megastairs_1,
          uniq_prince_ribbit2, uniq_sonja, uniq_rupert
Lair:4:   layout_misc_corridors, elwin_shoals_entry_stream,
          gammafunk_ghost_wrathful_warriors
Lair:5:   layout_regular_city, slime_altar_2, chequers_serial_rivers_small_3,
          dpeg_oklob_1
Lair:6:   gammafunk_lair_ancient_temple, layout_gridlike,
          ebering_ghost_reflecting_pool, minmay_stone_trees_small,
          chequers_serial_rivers_micro_e, serial_bayou_shore_b
Shoals:1: layout_shoals, nicolae_shoals_drake_roost, uniq_frances
Shoals:2: layout_shoals, serial_shops, nicolae_shop_behind_doors,
          gammafunk_ghost_cemetery
Shoals:3: layout_shoals, uniq_nikola, uniq_polyphemus, uniq_jorgrun
Shoals:4: shoals_end_hangedman, layout_shoals, shoal_ilsuiw
Snake:1:  layout_gridlike, minmay_shoptagon, serial_bayou_shore_a, uniq_roxanne
Snake:2:  layout_grid_shapes
Snake:3:  nicolae_sea_snake_s, layout_chambers
Snake:4:  snake_pit_salamanders_mu, layout_cave_town, uniq_aizul, uniq_agnes,
          uniq_louise
Slime:1:  layout_caves
Slime:2:  layout_caves, nicolae_slime_round_cave
Slime:3:  layout_caves, basic_altar
Slime:4:  layout_caves, nicolae_slime_barrier
Slime:5:  uniq_dissolution
Orc:1:    lemuel_ogre_cave, layout_diamond_mine
Orc:2:    st_orc_pillars, layout_diamond_mine, gammafunk_ghost_arena
Elf:1:    layout_geoelf_octagon, minmay_elf_necromancy, uniq_donald
Elf:2:    layout_loops_ring
Elf:3:    elf_hall_gauntlet_narrow, layout_geoelf_grid, serial_corexii_hall,
          corexii_hall_statues_u, chequers_hall_statues_corner_a, enter_trove_5,
          drop_trap, hangedman_elf_targetted_burst
Vaults:1: vaults_room_door_ring, nicolae_vaults_alarming, vaults_dpeg_ring,
          v_misc_30, nicolae_vaults_rhombus_6, vaults_room_stairs_pillars,
          v_pattern_2, vaults_room_grunt_arrival_ludios,
          layout_vaults_quadrants, basic_altar
Vaults:2: hangedman_vaults_river_flow, ontoclasm_vaults_claustrophobia,
          nicolae_vaults_ninety_degrees, vaults_mumra_hex,
          nicolae_vaults_network_quincunx
          [nicolae_vaults_network_quincunx_subvault,
          nicolae_vaults_network_quincunx_subvault,
          nicolae_vaults_network_quincunx_subvault,
          nicolae_vaults_network_quincunx_subvault,
          nicolae_vaults_network_quincunx_subvault], v_misc_27,
          vaults_room_semicircle, vaults_standard_mumra_x, st_cells,
          nicolae_vaults_diagonal_hallway_8, v_alt_pattern_1,
          vaults_room_door_ring, v_misc_23, ontoclasm_vaults_hangar,
          layout_vaults_omnibox
Vaults:3: minmay_crypt_entry_necro_gods, vaults_room_semicircle,
          layout_vaults_big_room, serial_shops, shop, uniq_mennas, uniq_margery,
          uniq_asterion
Vaults:4: ebering_vaults_ghost_inner_flame, nicolae_vaults_shelves_hall,
          v_pattern_1, nicolae_vaults_big_angled_halls,
          nicolae_vaults_quartermaster, nicolae_vaults_gold_heap,
          ontoclasm_vaults_pinch, vaults_mumra_minichess,
          nicolae_vaults_network_quinsquares
          [nicolae_vaults_network_quincunx_subvault,
          nicolae_vaults_network_quincunx_subvault,
          nicolae_vaults_network_quincunx_subvault,
          nicolae_vaults_network_quincunx_subvault],
          nicolae_vaults_specimen_jars, vaults_room_stairs_pillars,
          ontoclasm_vaults_gateway, v_misc_30, hangedman_vaults_restitches,
          nicolae_vaults_three_branches, layout_vaults_ring
Vaults:5: uniq_sojobo
Depths:1: layout_forbidden_donut, hangedman_abyss_or_decor_stabs, hellmouth_1,
          kennysheep_generic_room_14, kennysheep_random_hallway
Depths:2: kennysheep_funnel, layout_gridlike, enter_ziggurat_a,
          chequers_serial_rivers_micro_e, hell_entry,
          grunt_absolute_annihilation, infiniplex_staircase_zigzag_3
Depths:3: minmay_expanding_circles, layout_cave_shapes, hell_entry, pan_entry,
          serial_glass, glass_columns_a, glass_columns_a, grunt_megastairs_5
Depths:4: little_maze_vault, layout_cave_pools, hell_entry,
          hangedman_glass_teeth, abyss_entry, serial_bayou_pond_b,
          minmay_pinched_square, infiniplex_staircase_zigzag_2, firewood_loft
Depths:5: evilmike_zot_entry_basic, layout_basic, abyss_entry_crystal,
          hellmouth_3, uniq_frederick
Hell
Zot:1:    nicolae_zot_stationary_front, layout_gridlike
Zot:2:    grunt_twist_and_shout, layout_concentric_octagons,
          grunt_ministairs_12, hangedman_elemental_grid_stream
Zot:3:    layout_concentric_octagons
Zot:4:    layout_gridville
Zot:5:    layout_misc_corridors

Skill      XL: |  1  2  3  4  5  6  7  8  9 10 11 12 13 14 15 16 17 18 19 20 21 22 23 |
---------------+----------------------------------------------------------------------+-----
Long Blades    | 3 4 5 6 8 9 11 12 13 14 16 17 19 | 19.4
Dodging        | 3 4 5 6 8 10 11 12 14 15 16 | 16.3
Armour         | 1 2 3 4 7 11 13 | 13.6
Stealth        | 1 2 3 4 5 6 7 8 |  8.7
Fighting       | 3 4 5 6 7 8 9 13 16 19 20 | 20.5
Invocations    | 1 2 3 4 5 6 8 10 | 10.1
Evocations     | 1 3 |  3.3
Shields        | 5 12 15 | 15.0
Spellcasting   | 2 6 |  6.0
Translocations | 4 |  4.2
Throwing       | |  1.9
Transmutations | |  0.2
Earth Magic    | |  0.1

Action                   |  1- 3 |  4- 6 |  7- 9 | 10-12 | 13-15 | 16-18 | 19-21 | 22-24 || total
-------------------------+-------+-------+-------+-------+-------+-------+-------+-------++-------
Melee: Long sword        |    81 |    73 |    98 |       |       |       |       |       ||   252
       Kick              |    15 |    24 |   117 |   175 |   341 |   462 |  1325 |   833 ||  3292
       Falchion          |       |       |   189 |   357 |   226 |   704 |  1550 |  1045 ||  4071
       Scimitar          |       |       |       |    11 |   137 |       |       |       ||   148
       Great sword       |       |       |       |       |   382 |       |   181 |       ||   563
Throw: Throwing net      |       |       |       |       |       |     2 |       |       ||     2
 Cast: Passwall          |       |       |       |     1 |       |       |       |       ||     1
       Apportation       |       |       |       |       |       |       |       |     2 ||     2
       Blink             |       |       |       |       |       |       |       |     1 ||     1
Invok: Animate Remains   |       |     3 |     3 |       |       |       |       |       ||     6
       Animate Dead      |       |       |     9 |    30 |    40 |    35 |    40 |    30 ||   184
       Recall Undead Sla |       |       |     1 |     6 |    17 |    11 |    11 |     4 ||    50
       Drain Life        |       |       |       |       |     4 |     1 |     5 |     3 ||    13
       Enslave Soul      |       |       |       |       |     1 |       |     1 |       ||     2
 Abil: Evoke Blink       |       |       |       |     2 |       |       |       |       ||     2
       Evoke Flight      |       |       |       |       |     1 |     6 |       |       ||     7
       Stop Flying       |       |       |       |       |     1 |     2 |       |       ||     3
Evoke: Wand              |       |       |     2 |     6 |     8 |     2 |     5 |       ||    23
       Phantom mirror    |       |       |       |       |       |       |     1 |       ||     1
  Use: Scroll            |     3 |     2 |    13 |     8 |    26 |    11 |    17 |     9 ||    89
       Potion            |       |     1 |     4 |       |     5 |     8 |     7 |     6 ||    31
 Stab: Sleeping          |     1 |     4 |    11 |    30 |    19 |    19 |    12 |     9 ||   105
       Paralysed         |       |       |     6 |       |     1 |     8 |       |       ||    15
       Distracted        |       |       |     1 |    11 |    16 |    37 |    39 |    22 ||   126
       Confused          |       |       |       |     2 |       |       |       |       ||     2
       Held in net/web   |       |       |       |       |       |     2 |       |       ||     2
  Eat: Chunk             |     1 |     4 |     6 |    20 |    23 |       |     4 |     1 ||    59
       Ration            |       |       |     3 |     1 |     5 |     9 |    11 |     7 ||    36
Armor: Leather armour    |    22 |    18 |    59 |     8 |       |       |       |       ||   107
       Troll leather arm |       |       |       |    49 |       |       |       |       ||    49
       Plate armour      |       |       |       |    58 |   287 |       |       |       ||   345
       Chain mail        |       |       |       |       |   198 |   203 |   423 |   184 ||  1008
       Quicksilver drago |       |       |       |       |       |       |       |    13 ||    13
Dodge: Dodged            |    64 |    47 |   135 |   183 |   337 |   190 |   762 |   533 ||  2251
Block: Shield            |       |       |       |       |    14 |   377 |   977 |   628 ||  1996
       Rpst.: Long sword |    16 |    15 |    16 |       |       |       |       |       ||    47
       Falchion          |       |       |    23 |    34 |    11 |    27 |   100 |    94 ||   289
       Scimitar          |       |       |       |     2 |     8 |       |       |       ||    10
       Great sword       |       |       |       |       |    48 |       |    30 |       ||    78

Table legend:
 A = Non-vault XP
 B = Vault XP
 C = Vault XP percentage of total XP
 D = Non-vault monster count
 E = Vault monster count
 F = Vault count percentage of total count
                 A         B        C        D         E       F
            +---------+---------+-------+---------+---------+-------
      Total |  482918 |  463470 |  49.0 |    1117 |     767 |  40.7
            +---------+---------+-------+---------+---------+-------
        D:1 |      48 |       4 |   7.7 |      29 |       4 |  12.1
        D:2 |     106 |      71 |  40.1 |      12 |       2 |  14.3
        D:3 |      47 |     519 |  91.7 |      21 |       6 |  22.2
        D:4 |       8 |       0 |   0.0 |       2 |       0 |   0.0
        D:5 |     228 |     176 |  43.6 |       8 |       1 |  11.1
        D:6 |     639 |       3 |   0.5 |      16 |       2 |  11.1
        D:7 |    1804 |     171 |   8.7 |      41 |       2 |   4.7
        D:8 |    1891 |       0 |   0.0 |      35 |       0 |   0.0
        D:9 |    1624 |    1062 |  39.5 |      22 |      15 |  40.5
       D:10 |    2238 |       0 |   0.0 |      26 |       0 |   0.0
       D:11 |    2270 |    1757 |  43.6 |      44 |      11 |  20.0
       D:12 |    3753 |    4416 |  54.1 |      35 |      11 |  23.9
       D:13 |    3438 |    2496 |  42.1 |      16 |       9 |  36.0
       D:14 |    8459 |    1188 |  12.3 |      37 |       4 |   9.8
       D:15 |     337 |   28573 |  98.8 |       2 |      71 |  97.3
     Lair:1 |    1789 |     395 |  18.1 |       9 |       1 |  10.0
     Lair:2 |    2800 |    2979 |  51.5 |      12 |       9 |  42.9
     Lair:3 |    4184 |    4413 |  51.3 |      19 |      16 |  45.7
     Lair:4 |    3239 |    1476 |  31.3 |      20 |       4 |  16.7
     Lair:5 |    3618 |     603 |  14.3 |      15 |       5 |  25.0
     Lair:6 |    9095 |    5865 |  39.2 |      28 |      25 |  47.2
   Shoals:1 |    2203 |    1834 |  45.4 |       6 |       5 |  45.5
   Shoals:2 |     139 |       0 |   0.0 |       1 |       0 |   0.0
   Shoals:3 |    1587 |       0 |   0.0 |       7 |       0 |   0.0
   Shoals:4 |    8654 |   11124 |  56.2 |      27 |      25 |  48.1
    Snake:1 |    6228 |    1214 |  16.3 |      16 |       1 |   5.9
    Snake:2 |     893 |       0 |   0.0 |       2 |       0 |   0.0
    Snake:3 |    6226 |    2167 |  25.8 |      16 |       7 |  30.4
    Snake:4 |   10613 |   36311 |  77.4 |      22 |      76 |  77.6
    Slime:1 |    5275 |       0 |   0.0 |       6 |       0 |   0.0
    Slime:2 |   11289 |       0 |   0.0 |      19 |       0 |   0.0
    Slime:3 |    4133 |       0 |   0.0 |      15 |       0 |   0.0
    Slime:4 |    5734 |       0 |   0.0 |       7 |       0 |   0.0
    Slime:5 |   10103 |   25203 |  71.4 |      22 |      14 |  38.9
      Orc:1 |     697 |    2831 |  80.2 |       3 |      17 |  85.0
      Orc:2 |    3856 |    8872 |  69.7 |      34 |      69 |  67.0
      Elf:1 |   11594 |    1833 |  13.7 |      27 |       5 |  15.6
      Elf:2 |   15386 |    8860 |  36.5 |      37 |      14 |  27.5
      Elf:3 |    7843 |   22553 |  74.2 |      20 |      26 |  56.5
   Vaults:1 |   26389 |    7043 |  21.1 |      41 |      12 |  22.6
   Vaults:2 |   18167 |    8594 |  32.1 |      30 |      18 |  37.5
   Vaults:3 |   15811 |       0 |   0.0 |      28 |       0 |   0.0
   Vaults:4 |    8790 |   12690 |  59.1 |      12 |      15 |  55.6
   Vaults:5 |   16280 |   94898 |  85.4 |      25 |      85 |  77.3
   Depths:1 |   28631 |    3748 |  11.6 |      42 |       9 |  17.6
   Depths:2 |   38832 |   18474 |  32.2 |      52 |      11 |  17.5
   Depths:3 |   16525 |    3610 |  17.9 |      15 |       7 |  31.8
   Depths:4 |    4544 |   20338 |  81.7 |       6 |      18 |  75.0
   Depths:5 |   17559 |   15800 |  47.4 |      22 |      24 |  52.2
       Hell |   16273 |   32025 |  66.3 |      28 |      39 |  58.2
      Zot:1 |    2043 |       0 |   0.0 |       2 |       0 |   0.0
      Zot:2 |   35719 |   34043 |  48.8 |      21 |      32 |  60.4
      Zot:3 |   35927 |       0 |   0.0 |      28 |       0 |   0.0
      Zot:4 |   22484 |       0 |   0.0 |      17 |       0 |   0.0
      Zot:5 |   14876 |   32226 |  68.4 |      12 |      10 |  45.5
     Bailey |       0 |    1012 | 100.0 |       0 |      30 | 100.0
            +---------+---------+-------+---------+---------+-------
